[Event "fics rated crazyhouse match"]
[Site "fics, Oklahoma City, OK USA"]
[Date "2000.02.21"]
[White "Tecumseh"]
[WhiteElo "2265"]
[Black "spurs"]
[BlackElo "2288"]
[TimeControl "60+0"]
[Result "0-1"]

1. e4 e6 2. d3 d5 3. Nf3 dxe4 4. dxe4 Qxd1+ 5. Kxd1 Nf6 6. Bb5+ 
Bd7 7. Bxd7+ Nbxd7 8. e5 Ne4 9. B@e3 Bc5 10. P@d4 P@f4 11. dxc5 fxe3 
12. Bxe3 B@h6 13. Nc3 Bxe3 14. Nxe4 Bxf2 15. N@d6+ cxd6 16. Nxd6+ Kf8 17. P@e7+ 
Kg8 18. Q@d8+ Rxd8 19. exd8=Q+ B@f8 20. R@e2 Bxc5 21. P@e7 Bxd6 22. exd6 P@d3 
23. exf8=Q+ Nxf8 24. Qxf8+ Kxf8 25. B@e7+ Ke8 26. N@c7+ Kd7 27. Ne5+ Kc8 28. B@d7+ 
Kb8 29. Nxd3 N@c4 30. Na6+ bxa6 31. P@c7+ Kb7 32. B@e4+ P@d5 33. Nc5+ Kb6 
34. Na4+ Ka5 35. b4+ Kxb4 36. c3+ Ka5 37. c8=Q N@e3+ 38. Ke1 Nxg2# 
{Tecumseh forfeits on time} 0-1

[Event "fics rated crazyhouse match"]
[Site "fics, Oklahoma City, OK USA"]
[Date "2000.02.21"]
[White "spurs"]
[WhiteElo "2295"]
[Black "Tecumseh"]
[BlackElo "2258"]
[TimeControl "60+0"]
[Result "1-0"]

1. d4 Nc6 2. Nf3 Nf6 3. Bg5 d5 4. Nc3 Ne4 5. Nxe4 dxe4 6. Ne5 
Nxe5 7. dxe5 N@c4 8. Qxd8+ Kxd8 9. O-O-O+ Bd7 10. Rxd7+ Kxd7 11. N@c5+ Kc6 
12. B@d7+ Kxc5 13. Q@b5+ Kd4 14. e3+ Nxe3 15. Bxe3# 
{Tecumseh checkmated} 1-0

[Event "fics rated crazyhouse match"]
[Site "fics, Oklahoma City, OK USA"]
[Date "2000.02.21"]
[White "Tecumseh"]
[WhiteElo "2251"]
[Black "spurs"]
[BlackElo "2302"]
[TimeControl "60+0"]
[Result "0-1"]

1. e4 e6 2. d4 d5 3. exd5 exd5 4. Nf3 Bg4 5. Nc3 Bb4 6. Be2 
Qe7 7. Ne5 Bxc3+ 8. bxc3 Bxe2 9. Qxe2 Nf6 10. P@g5 Ne4 11. B@f6 gxf6 
12. gxf6 Qxf6 13. Nd7 Nxd7 14. B@e5 Nxe5 15. dxe5 Qxe5 16. P@d4 Qe7 17. N@g7+ 
Kd8 18. Nf5 Qd7 19. Bg5+ Kc8 20. Ne7+ Kb8 21. Rb1 Nxg5 22. h4 P@b6 
23. hxg5 B@e4 24. Nxd5 Qxd5 25. N@f6 N@f4 26. Qxe4 Qxe4+ 27. B@e2 Qxe2# 
{Tecumseh checkmated} 0-1

[Event "fics rated crazyhouse match"]
[Site "fics, Oklahoma City, OK USA"]
[Date "2000.02.21"]
[White "spurs"]
[WhiteElo "2309"]
[Black "Tecumseh"]
[BlackElo "2244"]
[TimeControl "60+0"]
[Result "0-1"]

1. d4 d6 2. Nf3 Bg4 3. Nc3 e6 4. e4 Nf6 5. Bg5 Be7 6. Bb5+ 
Nbd7 7. Bxd7+ Qxd7 8. Bxf6 Bxf6 9. e5 dxe5 10. dxe5 P@d2+ 11. Kf1 Bxe5 
12. N@c5 Bxf3 13. Qxf3 B@c4+ 14. P@d3 N@g5 15. Nxd7 Nxf3 16. gxf3 B@h3+ 17. Ke2 
Rd8 18. Nxe5 Bxd3+ 19. cxd3 P@f6 20. B@d7+ Rxd7 21. Nxd7 Q@d6 22. Nxf6+ gxf6 
23. Q@c8+ B@d8 24. N@g7+ Ke7 25. R@e8+ Rxe8 26. Nxe8 N@f4+ 27. Kxd2 R@e2+ 28. Nxe2 
Qxd3+ 29. Kc1 Nxe2# 
{spurs checkmated} 0-1

[Event "fics rated crazyhouse match"]
[Site "fics, Oklahoma City, OK USA"]
[Date "2000.02.21"]
[White "Tecumseh"]
[WhiteElo "2253"]
[Black "spurs"]
[BlackElo "2300"]
[TimeControl "60+0"]
[Result "1-0"]

1. e4 e6 2. d4 d5 3. exd5 exd5 4. Nf3 Bg4 5. Nc3 Bb4 6. Be2 
Bxc3+ 7. bxc3 Bxf3 8. Bxf3 Qe7+ 9. P@e5 P@e4 10. Bg4 N@h4 11. B@h3 Nc6 
12. B@d7+ Kf8 13. Bxc6 bxc6 14. N@h5 B@g6 15. Nxg7 Kxg7 16. P@f6+ Nxf6 17. exf6+ 
Qxf6 18. N@h5+ Bxh5 19. Bxh5 P@g6 20. B@e5 P@e7 21. Bxf6+ exf6 22. Qg4 N@f3+ 
23. gxf3 Nxf3+ 24. Qxf3 exf3 25. Q@h6+ Kg8 26. N@e7# 
{spurs checkmated} 1-0

[Event "fics rated crazyhouse match"]
[Site "fics, Oklahoma City, OK USA"]
[Date "2000.02.21"]
[White "spurs"]
[WhiteElo "2291"]
[Black "Tecumseh"]
[BlackElo "2262"]
[TimeControl "60+0"]
[Result "1-0"]

1. d4 Nc6 2. Nf3 d5 3. Nc3 Nf6 4. Bg5 Ne4 5. Nxe4 dxe4 6. Ne5 
Qxd4 7. Nxf7 P@d2+ 8. Qxd2 Qxd2+ 9. Bxd2 Be6 10. Nxh8 N@d4 11. Rc1 Rd8 
12. P@f7+ Bxf7 13. Nxf7 Nf5 14. Nxd8 Kxd8 15. N@f7+ Kd7 16. B@b5 Q@e6 17. Bxc6+ 
Kxc6 18. N@b4+ Kb6 19. P@a5+ Kb5 20. e3+ B@c4 21. Bxc4+ Qxc4 22. R@d5+ Qxd5 
23. Nxd5 N@f3+ 24. gxf3 B@c5 25. B@c4+ Kc6 26. Q@b5# 
{Tecumseh checkmated} 1-0

[Event "fics rated crazyhouse match"]
[Site "fics, Oklahoma City, OK USA"]
[Date "2000.02.21"]
[White "Tecumseh"]
[WhiteElo "2255"]
[Black "spurs"]
[BlackElo "2298"]
[TimeControl "60+0"]
[Result "0-1"]

1. e4 e6 2. d4 d5 3. exd5 exd5 4. Nf3 Bg4 5. Be2 Bxf3 6. Bxf3 
Nf6 7. Nc3 Bb4 8. P@e5 Ne4 9. Bxe4 dxe4 10. B@g5 f6 11. exf6 gxf6 
12. N@g7+ Kf7 13. P@e5 fxg5 14. Nh5 P@g6 15. Nf6 P@g7 16. Bxg5 h6 17. Nxe4 
hxg5 18. e6+ Kxe6 19. d5+ Kd7 20. P@c6+ Ke8 21. cxb7 N@f4 22. bxa8=Q Nxg2+ 
23. Kf1 Nf4 24. P@g2 P@h3 25. P@f7+ Kf8 26. R@e8+ Kxf7 27. Rxd8 hxg2+ 28. Ke1 
Bxc3+ 29. bxc3 gxh1=Q+ 30. Kd2 Qxd1+ 31. Rxd1 R@e2+ 32. Kc1 P@b2+ 33. Kxb2 N@c4+ 
34. Kb3 Q@b2+ 35. Kxc4 B@b5+ 36. Kd4 P@e5+ 37. Kxe5 Rxe4+ 38. Kxe4 B@f5+ 39. Kf3 
P@g4+ 40. Kg3 B@h4# 
{Tecumseh checkmated} 0-1

[Event "fics rated crazyhouse match"]
[Site "fics, Oklahoma City, OK USA"]
[Date "2000.02.21"]
[White "spurs"]
[WhiteElo "2305"]
[Black "Tecumseh"]
[BlackElo "2248"]
[TimeControl "60+0"]
[Result "1-0"]

1. d4 Nc6 2. Nf3 Nf6 3. Nc3 d5 4. Bg5 Ne4 5. Nxe4 dxe4 6. Ne5 
Qxd4 7. Nxf7 Kxf7 8. Qxd4 Nxd4 9. N@d8+ Kg6 10. Q@f7+ Kxg5 11. h4+ Kg4 
12. f3+ Kg3 13. P@f2# 
{Tecumseh checkmated} 1-0

[Event "fics rated crazyhouse match"]
[Site "fics, Oklahoma City, OK USA"]
[Date "2000.02.21"]
[White "pminear"]
[WhiteElo "2465"]
[Black "XXNoWay"]
[BlackElo "2228"]
[TimeControl "180+0"]
[Result "1-0"]

1. e4 e6 2. Nc3 Nf6 3. e5 Nd5 4. Nf3 Nc6 5. Nxd5 exd5 6. Bb5 
N@f4 7. Rg1 d6 8. d4 Ng6 9. Qe2 Be7 10. N@h5 Rg8 11. Nxg7+ Rxg7 
12. P@f6 Rg8 13. fxe7 Qxe7 14. Bxc6+ bxc6 15. N@f6+ Kf8 16. Nxh7+ Ke8 17. Nf6+ 
Kf8 18. Nxg8 Kxg8 19. B@f6 Qe6 20. P@h7+ Kxh7 21. Ng5# 
{XXNoWay resigns} 1-0

[Event "fics rated crazyhouse match"]
[Site "fics, Oklahoma City, OK USA"]
[Date "2000.02.21"]
[White "XXNoWay"]
[WhiteElo "2225"]
[Black "pminear"]
[BlackElo "2468"]
[TimeControl "180+0"]
[Result "0-1"]

1. e4 e5 2. Nc3 Nc6 3. Bc4 Bc5 4. Nf3 Nf6 5. d3 d6 6. Bg5 
Bg4 7. Nd5 Rg8 8. Nxf6+ gxf6 9. Bh6 Bxf3 10. Qxf3 N@h4 11. Bxf7+ Kxf7 
12. Qh5+ N@g6 13. P@f5 Nxg2+ 14. Kf1 Nf4 15. B@d5+ Nxd5 16. exd5 P@e2+ 17. Qxe2 
B@g2+ 18. Kxg2 Nf4+ 19. Kf1 Nxe2 20. P@e6+ Ke7 21. B@f8+ Ke8 22. Kxe2 Nd4# 
{XXNoWay resigns} 0-1

[Event "fics rated crazyhouse match"]
[Site "fics, Oklahoma City, OK USA"]
[Date "2000.02.21"]
[White "pminear"]
[WhiteElo "2471"]
[Black "XXNoWay"]
[BlackElo "2222"]
[TimeControl "180+0"]
[Result "1-0"]

1. e4 e5 2. Nf3 Nc6 3. Bc4 Nf6 4. Ng5 d5 5. exd5 Nxd5 6. Nxf7 
Kxf7 7. Qf3+ N@f6 8. Bxd5+ P@e6 9. N@g5+ Ke7 10. Nxe6 Bxe6 11. Bxe6 Kxe6 
12. P@d5+ Nxd5 13. B@f7+ Ke7 14. Bxd5 B@h5 15. N@f5+ Kf6 16. Qxh5 Qxd5 17. Ne3 
Qe4 18. Nc3 Qg6 19. Ncd5+ Kf7 20. Qxg6+ hxg6 21. P@e6+ Kxe6 22. Nxc7+ Kd7 
23. Q@e6+ Kxc7 24. Nd5# 
{XXNoWay resigns} 1-0

[Event "fics rated crazyhouse match"]
[Site "fics, Oklahoma City, OK USA"]
[Date "2000.02.21"]
[White "XXNoWay"]
[WhiteElo "2219"]
[Black "pminear"]
[BlackElo "2474"]
[TimeControl "180+0"]
[Result "0-1"]

1. e4 e5 2. Nc3 Nc6 3. Bc4 Bc5 4. Nf3 Nf6 5. O-O d6 6. h3 
Nd4 7. d3 Nxf3+ 8. Qxf3 N@d4 9. Qd1 Be6 10. Bxe6 fxe6 11. N@g5 O-O 
12. B@b3 Qe7 13. Ne2 Nxb3 14. axb3 B@h5 15. N@g3 B@g6 16. Nxh5 Bxh5 17. B@g3 
Bxe2 18. Qxe2 N@d4 19. Qd1 Nxe4 20. Nxe4 P@e2 21. B@g4 exd1=Q 22. Bxd1 N@e2+ 
23. Kh2 Nxg3 24. Nxg3 Nxc2 25. N@g5 Bxf2 26. Rxf2 Rxf2 27. P@f7+ Rxf7 28. Nxf7 
Qxf7 29. B@h5 B@g1+ 30. Kxg1 P@f2+ 31. Kf1 Q@e1# 
{XXNoWay checkmated} 0-1

[Event "fics rated crazyhouse match"]
[Site "fics, Oklahoma City, OK USA"]
[Date "2000.02.21"]
[White "pminear"]
[WhiteElo "2477"]
[Black "XXNoWay"]
[BlackElo "2216"]
[TimeControl "180+0"]
[Result "1-0"]

1. e4 e5 2. Nf3 Nc6 3. Bc4 d6 4. d4 exd4 5. Nxd4 Nxd4 6. Qxd4 
Nf6 7. Nc3 P@e5 8. Qd1 Be7 9. P@g5 Ng4 10. N@f5 Bxf5 11. exf5 Bxg5 
12. Qxg4 Bxc1 13. Qxg7 P@d2+ 14. Kf1 Rf8 15. N@f6+ Qxf6 16. Qxf6 B@d8 17. Bxf7+ 
Rxf7 18. Qxf7+ Kxf7 
{XXNoWay resigns} 1-0

[Event "fics rated crazyhouse match"]
[Site "fics, Oklahoma City, OK USA"]
[Date "2000.02.21"]
[White "XXNoWay"]
[WhiteElo "2213"]
[Black "pminear"]
[BlackElo "2480"]
[TimeControl "180+0"]
[Result "0-1"]

1. e4 e5 2. Bc4 Nc6 3. Nf3 Bc5 4. O-O d6 5. h3 Nf6 6. d3 
Nd4 7. Nxd4 Bxd4 8. c3 Bb6 9. Bg5 h6 10. Bxf6 Qxf6 11. N@g4 Bxg4 
12. Qxg4 N@g3 13. N@d5 N@e2+ 14. Qxe2 Nxe2+ 15. Kh2 B@g3# 
{XXNoWay resigns} 0-1

[Event "fics rated crazyhouse match"]
[Site "fics, Oklahoma City, OK USA"]
[Date "2000.02.21"]
[White "pminear"]
[WhiteElo "2483"]
[Black "XXNoWay"]
[BlackElo "2210"]
[TimeControl "180+0"]
[Result "1-0"]

1. e4 d6 2. d4 Nf6 3. Nc3 Nc6 4. Nf3 Bg4 5. d5 Bxf3 6. gxf3 
Ne5 7. B@g2 e6 8. f4 Neg4 9. Bb5+ c6 10. dxc6 bxc6 11. Bxc6+ P@d7 
12. P@c7 Qxc7 13. Bxa8 Nxf2 14. Kxf2 N@g4+ 15. Kf1 Be7 16. P@f3 Nh6 17. N@b5 
Qb8 18. e5 O-O 19. exd6 Bxd6 20. Nxd6 Qxa8 21. B@e7 Rb8 22. P@c7 Re8 
23. Nxe8 Qxe8 24. R@d8 B@a6+ 25. Ne2 
{XXNoWay resigns} 1-0

[Event "fics rated crazyhouse match"]
[Site "fics, Oklahoma City, OK USA"]
[Date "2000.02.21"]
[White "XXNoWay"]
[WhiteElo "2207"]
[Black "pminear"]
[BlackElo "2486"]
[TimeControl "180+0"]
[Result "1-0"]

1. d4 Nf6 2. Nc3 e6 3. Nf3 Bb4 4. Bg5 h6 5. Bxf6 Qxf6 6. e4 
B@a5 7. Bd3 Bxc3+ 8. bxc3 Bxc3+ 9. B@d2 Bxd2+ 10. Qxd2 B@g4 11. B@e5 Qg6 
12. N@f4 Qh7 13. Bxc7 Nc6 14. Ne5 Nxe5 15. dxe5 P@e7 16. P@d6 N@d4 17. Qb4 
N@c6 18. Qd2 Nxe5 19. Be2 Bxe2 20. Qxd4 B@f6 21. dxe7 Nf3+ 22. gxf3 Bxd4 
23. N@d6+ Kxe7 24. N@d5+ exd5 25. Nxd5+ Ke6 26. N@f4+ Ke5 27. Nc4# 
{pminear checkmated} 1-0

[Event "fics rated crazyhouse match"]
[Site "fics, Oklahoma City, OK USA"]
[Date "2000.02.21"]
[White "pminear"]
[WhiteElo "2473"]
[Black "XXNoWay"]
[BlackElo "2220"]
[TimeControl "180+0"]
[Result "1-0"]

1. e4 e6 2. Nc3 d5 3. exd5 exd5 4. Bb5+ Nc6 5. Qe2+ Be7 6. Nf3 
Bg4 7. Bxc6+ bxc6 8. N@e5 Bxf3 9. Qxf3 N@g5 10. Qg4 Nh6 11. Qa4 O-O 
12. d4 P@b5 13. Qa6 Bd6 14. Nxc6 Qe8+ 15. P@e5 B@b6 16. Bxg5 Bxd4 17. N@e7+ 
Kh8 18. Bxh6 B4xe5 19. P@d4 Bf6 20. B@e5 P@d2+ 21. Bxd2 Bdxe7 22. Nxe7 Qxe7 
23. Nxd5 Bxe5 24. Nxe7 Bxd4 25. N@g5 Bxf2+ 26. Kxf2 B@c5+ 27. B@e3 Bxe7 28. B@f3 
P@g4 29. P@h6 gxh6 30. P@g7+ Kxg7 31. Qxh6+ Kxh6 32. Ne6+ P@g5 33. Q@g7+ Kh5 
34. Qxh7+ P@h6 35. Ng7+ Kh4 36. Qxh6+ P@h5 37. Qxh5# 
{XXNoWay checkmated} 1-0

[Event "fics rated crazyhouse match"]
[Site "fics, Oklahoma City, OK USA"]
[Date "2000.02.21"]
[White "XXNoWay"]
[WhiteElo "2217"]
[Black "pminear"]
[BlackElo "2476"]
[TimeControl "180+0"]
[Result "1-0"]

1. d4 Nf6 2. Nf3 e6 3. Nc3 Bb4 4. Bg5 d5 5. e3 Nc6 6. Bb5 
Bxc3+ 7. bxc3 N@e4 8. B@h4 Nxc3 9. Bxf6 gxf6 10. Bxc6+ bxc6 11. N@g7+ Kf8 
12. Nh5 P@g7 13. Bxf6 gxf6 14. P@g7+ Ke7 15. Nxf6 Re8 16. Nxe8 Qxe8 17. R@f8 
Ba6 18. Rxe8+ Rxe8 19. N@f8 B@c8 20. P@f6+ Kd8 21. g8=Q B@b4 22. Nxe6+ Bxe6 
23. Qxe8+ Kxe8 24. R@g8+ B@f8 25. Rxf8+ Bxf8 26. P@e7 R@d7 27. exf8=Q# 
{pminear forfeits on time} 1-0

[Event "fics rated crazyhouse match"]
[Site "fics, Oklahoma City, OK USA"]
[Date "2000.02.21"]
[White "pminear"]
[WhiteElo "2463"]
[Black "XXNoWay"]
[BlackElo "2230"]
[TimeControl "180+0"]
[Result "1-0"]

1. e4 d5 2. exd5 Qxd5 3. Nc3 Qe5+ 4. Be2 Nc6 5. Nf3 Qa5 6. P@d5 
e6 7. dxc6 bxc6 8. d4 P@b4 9. Ne4 P@c3 10. O-O cxb2 11. Bxb2 Nf6 
12. Ned2 P@c3 13. Nc4 Qf5 14. Bc1 Be7 15. Ne3 Qa5 16. Ne5 Bd7 17. N3c4 
Qd5 18. Bf3 Qb5 19. P@h6 Rg8 20. Nxf7 Kxf7 21. N@e5+ Kf8 22. hxg7+ Rxg7 
23. Bh6 N@f5 24. Bxg7+ Nxg7 25. R@f7+ Kg8 26. Rxe7 B@d6 27. Rxd7 Bxe5 28. Nxe5 
Nxd7 29. Nxd7 Qg5 30. B@g3 P@f4 31. B@h4 fxg3 32. Bxg5 gxh2+ 33. Kxh2 B@f7 
34. N@h6+ Kh8 35. Nxf7+ Kg8 36. Nh6+ Kh8 37. Q@g8+ Rxg8 38. Nf7# 
{XXNoWay checkmated} 1-0

[Event "fics rated crazyhouse match"]
[Site "fics, Oklahoma City, OK USA"]
[Date "2000.02.21"]
[White "XXNoWay"]
[WhiteElo "2227"]
[Black "pminear"]
[BlackElo "2466"]
[TimeControl "180+0"]
[Result "0-1"]

1. e4 e5 2. Nc3 Nc6 3. Bb5 Bc5 4. Nf3 Nf6 5. d3 d6 6. Bxc6+ 
bxc6 7. Bg5 B@g4 8. h3 Bxf3 9. Qxf3 N@d4 10. Qd1 h6 11. Bxf6 Qxf6 
12. N@h5 Qg6 13. N@h4 Qg5 14. B@g3 Rb8 15. Nf3 Qxh5 16. Nxd4 Qxd1+ 17. Rxd1 
Bxd4 18. N@h5 Q@g6 19. Bh4 N@g5 20. Bxg5 Qxg5 21. N@f3 Qxh5 22. Nxd4 exd4 
23. B@f3 Qg6 24. Ne2 B@e3 25. fxe3 dxe3 26. O-O B@f2+ 27. Kh1 N@g3+ 28. Nxg3 
Bxg3 29. B@h5 N@f2+ 30. Rxf2 Bxf2 31. N@e2 N@g3+ 32. Nxg3 Bxg3 33. Rf1 R@h2+ 
34. Kg1 P@f2+ 35. Rxf2 exf2+ 36. Kf1 R@e1# 
{XXNoWay checkmated} 0-1

[Event "fics rated crazyhouse match"]
[Site "fics, Oklahoma City, OK USA"]
[Date "2000.02.21"]
[White "pminear"]
[WhiteElo "2469"]
[Black "XXNoWay"]
[BlackElo "2224"]
[TimeControl "60+0"]
[Result "1-0"]

1. e4 e6 2. Nc3 Nf6 3. e5 Nd5 4. Nxd5 exd5 5. Nf3 Nc6 6. d4 
d6 7. Bb5 Bg4 8. N@e3 Bxf3 9. Qxf3 dxe5 10. dxe5 P@e4 11. Qd1 N@f4 
12. B@g4 Bc5 13. Bxc6+ bxc6 14. P@d7+ Kf8 15. Rg1 N@d3+ 16. cxd3 Nxd3+ 17. Kf1 
Bxe3 18. Bxe3 B@c4 19. B@e2 Nxb2 20. Bxc4 Nxd1 21. Rxd1 P@d3 22. Bxd3 exd3 
23. Rxd3 B@c4 24. B@e2 Bxd3 25. Bxd3 R@a1+ 26. N@e1 P@c4 27. B@c5+ N@e7 28. P@h6 
gxh6 29. Bxh6+ P@g7 30. Bxg7+ Kxg7 31. P@f6+ Kh6 32. P@g5+ Kxg5 33. Be3+ P@f4 
34. h4+ Kxg4 35. f3+ Kxh4 36. Bf2+ P@g3 37. Rh1+ B@h2 38. Rxh2+ Kg5 39. B@h4+ 
Kh5 40. P@g4# 
{XXNoWay forfeits on time} 1-0

[Event "fics rated crazyhouse match"]
[Site "fics, Oklahoma City, OK USA"]
[Date "2000.02.21"]
[White "XXNoWay"]
[WhiteElo "2221"]
[Black "pminear"]
[BlackElo "2472"]
[TimeControl "60+0"]
[Result "0-1"]

1. e4 e5 2. Nc3 Nc6 3. Nf3 Bc5 4. Bc4 Nf6 5. O-O d6 6. d3 
Bg4 7. Bg5 h6 8. Bxf6 Qxf6 9. Nd5 Qd8 10. h3 Bh5 11. N@g3 Bxf3 
12. Qxf3 Nd4 13. Nxc7+ Qxc7 14. Qxf7+ Qxf7 15. Bxf7+ Kxf7 16. P@g6+ Kxg6 17. B@f5+ 
Kf7 18. Q@g6+ Ke7 19. Qxg7+ P@f7 20. P@f6+ Kd8 21. Qxh8+ B@e8 22. Qxe8+ Kxe8 
23. R@g8+ B@f8 24. P@d7+ Kd8 25. Rxf8+ Kc7 26. B@g4 Rxf8 27. B@e7 N@f3+ 28. gxf3 
R@h1+ 29. Nxh1 Q@g2+ 30. Kxg2 N@h4+ 31. Kg3 Ne2# 
{XXNoWay resigns} 0-1

[Event "fics rated crazyhouse match"]
[Site "fics, Oklahoma City, OK USA"]
[Date "2000.02.21"]
[White "RubberDuck"]
[WhiteElo "2022"]
[Black "pminear"]
[BlackElo "2476"]
[TimeControl "60+0"]
[Result "0-1"]

1. e4 e5 2. Nf3 Nc6 3. Bc4 Bc5 4. h3 Nf6 5. Nc3 d6 6. d3 
Nd4 7. Bg5 Be6 8. Bxe6 fxe6 9. Nxd4 Bxd4 10. Bxf6 Qxf6 11. N@g4 Bxf2+ 
12. Nxf2 B@g3 13. N@g4 Bxf2+ 14. Nxf2 B@g3 15. B@e3 P@d4 16. B@g5 Bxf2+ 17. Bxf2 
{RubberDuck resigns} 0-1

[Event "fics rated crazyhouse match"]
[Site "fics, Oklahoma City, OK USA"]
[Date "2000.02.21"]
[White "pminear"]
[WhiteElo "2477"]
[Black "RubberDuck"]
[BlackElo "2021"]
[TimeControl "60+0"]
[Result "0-1"]

1. e4 e6 2. Nc3 Nf6 3. e5 Nd5 4. Nxd5 exd5 5. Nf3 d6 6. d4 
Bg4 7. Be2 Nc6 8. exd6 Bxd6 9. N@e3 Bb4+ 10. P@c3 Bxf3 11. Bxf3 Be7 
12. Nxd5 Qxd5 13. Bxd5 P@d7 14. Bxc6 bxc6 15. Qe2 B@e6 16. N@f4 N@h4 17. Rg1 
Nf5 18. Nxe6 dxe6 19. B@b7 O-O 20. Bxc6 Rab8 21. P@e4 Nxd4 22. cxd4 P@c4 
23. P@h6 gxh6 24. Bxh6 P@g7 25. Bxg7 N@d3+ 26. cxd3 N@c2+ 27. Qxc2 N@g6 28. N@h6+ 
Kxg7 29. N@h5+ Kxh6 30. Q@g7+ Kxh5 31. Qe2+ Kg5 32. h4+ Kf4 
{pminear forfeits on time} 0-1

[Event "fics rated crazyhouse match"]
[Site "fics, Oklahoma City, OK USA"]
[Date "2000.02.21"]
[White "RubberDuck"]
[WhiteElo "2036"]
[Black "pminear"]
[BlackElo "2462"]
[TimeControl "60+0"]
[Result "0-1"]

1. e4 e5 2. Nf3 Nc6 3. Bc4 Bc5 4. Nc3 Nf6 5. d3 d6 6. Bg5 
Bg4 7. Nd5 Rg8 8. Rg1 h6 9. Bxf6 gxf6 10. Nxf6+ Qxf6 11. Bxf7+ Kxf7 
12. P@e2 Bxf2+ 13. Kxf2 B@f4 14. P@d2 Bxf3 15. exf3 Bxh2 16. B@d5+ P@e6 17. Bxe6+ 
Kxe6 18. P@d5+ Ke7 19. N@f5+ Kd8 20. dxc6 B@c5+ 21. B@e3 Bxg1+ 22. Kxg1 Bxe3+ 
23. dxe3 N@h3+ 24. Kf1 R@f2+ 25. Ke1 Rgxg2 26. cxb7 Rg1# 
{RubberDuck resigns} 0-1

[Event "fics rated crazyhouse match"]
[Site "fics, Oklahoma City, OK USA"]
[Date "2000.02.21"]
[White "pminear"]
[WhiteElo "2463"]
[Black "RubberDuck"]
[BlackElo "2035"]
[TimeControl "60+0"]
[Result "1-0"]

1. e4 e6 2. Nc3 Nf6 3. e5 Nd5 4. Nxd5 exd5 5. Nf3 d6 6. d4 
Bg4 7. Be2 dxe5 8. Nxe5 P@f5 9. Nxg4 fxg4 10. Bxg4 Qe7+ 11. N@e5 N@h4 
12. B@h3 Qb4+ 13. P@c3 Qe7 14. O-O f6 15. Re1 N@e4 16. P@f3 fxe5 17. fxe4 
Qf7 18. exd5 Qxf2+ 19. Kxf2 N@e4+ 20. Rxe4 
{RubberDuck resigns} 1-0

[Event "fics rated crazyhouse match"]
[Site "fics, Oklahoma City, OK USA"]
[Date "2000.02.21"]
[White "RubberDuck"]
[WhiteElo "2034"]
[Black "pminear"]
[BlackElo "2464"]
[TimeControl "60+0"]
[Result "0-1"]

1. e4 e5 2. Bc4 Nc6 3. Nf3 Bc5 4. Nc3 Nf6 5. Rg1 d6 6. d3 
Bg4 7. Be3 Bxe3 8. fxe3 B@h6 9. B@g5 Bxg5 10. Nxg5 Bxd1 11. Rxd1 B@h4# 
{RubberDuck resigns} 0-1

[Event "fics rated crazyhouse match"]
[Site "fics, Oklahoma City, OK USA"]
[Date "2000.02.21"]
[White "RubberDuck"]
[WhiteElo "2032"]
[Black "pminear"]
[BlackElo "2466"]
[TimeControl "60+0"]
[Result "0-1"]

1. e4 e5 2. Nf3 Nc6 3. Bc4 Bc5 4. Nc3 Nf6 5. d3 d6 6. Rg1 
Ng4 7. Bxf7+ Kxf7 8. Ng5+ Kf8 9. Qf3+ B@f6 10. P@f5 Nxf2 11. Ne6+ Bxe6 
12. fxe6 Nxd3+ 13. cxd3 P@f2+ 14. Kd2 fxg1=Q 15. N@d7+ Qxd7 16. exd7 P@e3+ 17. Kc2 
Nd4# 
{RubberDuck resigns} 0-1

[Event "fics rated crazyhouse match"]
[Site "fics, Oklahoma City, OK USA"]
[Date "2000.02.21"]
[White "RubberDuck"]
[WhiteElo "2030"]
[Black "pminear"]
[BlackElo "2468"]
[TimeControl "60+0"]
[Result "0-1"]

1. e4 e5 2. d4 exd4 3. Qxd4 Nc6 4. Qd1 Nf6 5. Nc3 Bb4 6. Bg5 
h6 7. Bxf6 Qxf6 8. N@d5 Qe5 9. Nf3 Qxe4+ 10. Qe2 Qxe2+ 11. Bxe2 Bd6 
12. Nb5 B@a5+ 13. P@c3 P@e6 14. Nxd6+ cxd6 15. Nf4 Q@e7 16. B@b5 N@e4 17. Bxc6 
dxc6 18. N@d4 P@e3 19. fxe3 B@f2+ 20. Kd1 Bxe3 21. Nd3 Bxc3 22. bxc3 Nxc3+ 
23. Ke1 P@b2 24. Kf1 bxa1=Q+ 25. Nde1 Bxd4 26. Nxd4 N@e3+ 27. Kf2 Nxe2 28. Kxe3 
Qxd4+ 29. Kxe2 R@f2# 
{RubberDuck checkmated} 0-1

[Event "fics rated crazyhouse match"]
[Site "fics, Oklahoma City, OK USA"]
[Date "2000.02.21"]
[White "pminear"]
[WhiteElo "2469"]
[Black "Burgsvik"]
[BlackElo "1994"]
[TimeControl "60+0"]
[Result "1-0"]

1. e4 e6 2. Nc3 Nf6 3. e5 Nd5 4. Nxd5 exd5 5. Nf3 Bc5 6. d4 
Bb4+ 7. Bd2 Bxd2+ 8. Qxd2 d6 9. N@h5 Rg8 10. B@f6 B@h6 11. Qxh6 gxh6 
12. Bxd8 Kxd8 13. B@f6+ B@e7 14. Bxe7+ Kxe7 15. B@f6+ Kd7 16. Bb5# 
{Burgsvik resigns} 1-0

[Event "fics rated crazyhouse match"]
[Site "fics, Oklahoma City, OK USA"]
[Date "2000.02.21"]
[White "pminear"]
[WhiteElo "2470"]
[Black "RubberDuck"]
[BlackElo "2029"]
[TimeControl "60+0"]
[Result "0-1"]

1. e4 e6 2. Nc3 d5 3. exd5 exd5 4. Bb5+ P@c6 5. Qe2+ Qe7 6. Ba4 
Qxe2+ 7. Ngxe2 Nf6 8. d4 Bb4 9. Bd2 Nbd7 10. a3 Bxc3 11. Nxc3 N@e4 
12. Q@e2 Nb6 13. Bb3 Q@e6 14. B@e3 Nxc3 15. Bxc3 Ne4 16. N@f4 N@h4 17. Nxe6 
Nxg2+ 18. Kd1 Bxe6 19. P@f3 Nxe3+ 20. Qxe3 B@g2 21. Re1 Bxf3+ 22. Qxf3 P@g4 
23. Rxe4 dxe4 24. Qxe4 R@f1+ 25. B@e1 Rxe1+ 26. Bxe1 B@f3+ 27. Qxf3 gxf3 28. B@d3 
P@e2+ 29. Kd2 N@c4+ 30. Bbxc4 Nxc4+ 31. Bxc4 B@f4+ 32. P@e3 Bxc4 33. R@e4+ B@e6 
34. N@c5 Bxe3+ 35. fxe3 Q@d1+ 36. Rxd1 exd1=Q+ 37. Kc3 Qxc2+ 38. Kxc2 P@b3# 
{pminear forfeits on time} 0-1

[Event "fics rated crazyhouse match"]
[Site "fics, Oklahoma City, OK USA"]
[Date "2000.02.21"]
[White "RubberDuck"]
[WhiteElo "2044"]
[Black "pminear"]
[BlackElo "2455"]
[TimeControl "60+0"]
[Result "0-1"]

1. d4 e5 2. dxe5 d6 3. exd6 Bxd6 4. e4 Nf6 5. e5 Qe7 6. P@f4 
Ng4 7. Nf3 Bc5 8. P@e3 Nc6 9. Bb5 Bd7 10. Nc3 Rd8 11. Nd5 O-O 
12. Nxe7+ Bxe7 13. Bxc6 Bxc6 14. N@d4 Nxf2 15. Kxf2 N@e4+ 16. Ke2 B@b5+ 17. N@d3 
P@g4 18. Rf1 gxf3+ 19. gxf3 N@c3+ 20. bxc3 Nxc3+ 21. Kf2 Nxd1+ 22. Rxd1 Bxd3 
23. cxd3 N@h3+ 24. Kg2 Q@f2+ 25. Kxh3 Bxf3 26. N@h6+ gxh6 27. Q@g7+ Kxg7 28. N@f5+ 
Kg6 29. N@h4+ Bxh4 
{RubberDuck forfeits on time} 0-1

[Event "fics rated crazyhouse match"]
[Site "fics, Oklahoma City, OK USA"]
[Date "2000.02.21"]
[White "DonDanne"]
[WhiteElo "2025"]
[Black "Thufir"]
[BlackElo "2396"]
[TimeControl "60+0"]
[Result "1-0"]

1. d4 e6 2. Nf3 Nc6 3. Nc3 Nf6 4. Bf4 Bb4 5. e3 d5 6. Bd3 
Ne4 7. Bxe4 dxe4 8. Ne5 Nxe5 9. dxe5 Bxc3+ 10. bxc3 Bd7 11. O-O N@d5 
12. B@g5 B@e7 13. Bxe7 Qxe7 14. N@h5 Rg8 15. N@g5 Nxc3 16. Qg4 N@e2+ 17. Kh1 
B@f5 18. Qh4 P@f3 19. gxf3 exf3 20. Nxf3 Qxh4 21. Nxh4 P@g2+ 22. Nxg2 Q@g4 
23. Ng3 Nxg3+ 24. fxg3 N@h3 25. P@f3 Qg6 26. N@h4 Nxf4 27. Nxf5 exf5 28. P@h5 
Nxh5 29. P@f4 P@h3 30. B@h4 hxg2+ 31. Kxg2 B@e7 32. P@h3 Bxh4 33. B@g5 Bxg5 
34. fxg5 Qxg5 35. B@h4 N@f4+ 36. exf4 Nxf4+ 37. Kf2 B@b6+ 38. Ke1 P@d2+ 39. Kxd2 
N@c4+ 40. Kxc3 B@d2+ 41. Kb3 P@a4+ 42. Kxc4 Be6+ 43. Kb5 a6+ 44. Kxa4 Bd7+ 
45. Ka3 Qe7+ 46. Kb2 Bd4+ 47. c3 Qb4+ 48. Kc2 Qxc3+ 49. Kd1 
{Thufir forfeits on time} 1-0